 Dungeon Crawl Stone Soup version 0.18-a0-1485-g189885c (webtiles) character file.

5175 uiiiytp the Carver (level 10, -3/115 HPs)
             Began as a Minotaur Fighter on Mar 3, 2016.
             Slain by a killer bee (4 damage)
             ... on level 9 of the Dungeon.
             The game lasted 00:41:46 (7645 turns).

uiiiytp the Carver (Minotaur Fighter)               Turns: 7645, Time: 00:41:46

Health: -3/115     AC: 25    Str: 23    XL:     10   Next: 34%
Magic:  9/9        EV:  2    Int:  5    God:
Gold:   198        SH:  0    Dex: 11    Spells: 0 memorised, 9 levels left

rFire  . . .     SeeInvis .     R - +2 executioner's axe (flame)
rCold  + . .     Gourm    .     (armour currently unavailable)
rNeg   + + +     Faith    .     (shield currently unavailable)
rPois  +         Spirit   .     (helmet currently unavailable)
rElec  .         Dismiss  .     (cloak currently unavailable)
rCorr  .         Reflect  .     (gloves currently unavailable)
SustAt .         Harm     .     (boots currently unavailable)
MR     .....     NoTele   +     (no amulet)
Stlth  +.........               (no ring)
                                m - ring of protection from cold

@: lethally poisoned (-3 -> -6), tree-form, very slightly contaminated, hasted,
invisible, very quick, not resistant to hostile enchantments, very unstealthy
A: (retaliatory headbutt), (horns 0)
a: no special abilities


You were on level 9 of the Dungeon.
You were not hungry.
You were a tree.
You visited 1 branch of the dungeon, and saw 9 of its levels.

You collected 448 gold pieces.
You spent 250 gold pieces at shops.

Inventory:

Hand Weapons
 a - a +1 long sword
 d - a +2 short sword of venom
 h - a +0 whip of venom
 r - a +3 mace
 z - a +2 scythe of protection
 A - a +0 shortbow
 O - a +4 dagger of chaos
 R - a +2 executioner's axe of flaming (weapon)
 S - a cursed -1 trident
Armour
 b - a +1 scale mail
 c - a +0 shield
 g - a +2 chain mail of fire resistance (melded)
 j - a +0 chain mail
 q - a cursed -2 robe
 v - a +0 cloak (melded)
Magical Staves
 Q - an uncursed staff of earth
Jewellery
 m - a ring of protection from cold (left branch)
Wands
 y - a wand of lightning (10/15)
 D - a wand of paralysis (11/24)
 F - a wand of hasting (3/9)
 M - a wand of lightning (12/15)
 N - a wand of disintegration (10/24)
Scrolls
 e - 2 scrolls of noise
 o - 3 scrolls of blinking
 p - 5 scrolls of remove curse
 t - 2 scrolls of immolation
 u - a scroll of recharging
 w - a scroll of fog {unknown}
 x - 4 scrolls of identify
 C - 2 scrolls of teleportation
 E - a scroll of magic mapping {unknown}
Potions
 n - a potion of lignification
 B - a potion of mutation
 I - a potion of brilliance {unknown}
Books
 k - a book of Hinderance

   Spells                             Type                      Level
   a - Confusing Touch                Hexes                        2
   b - Confuse                        Hexes                        3
   c - Gell's Gravitas                Hexes/Translocation          3
   d - Petrify                        Transmutation/Earth          4
   e - Metabolic Englaciation         Hexes/Ice                    5
   f - Yara's Violent Unravelling     Hexes/Transmutation          5
Comestibles
 f - 6 bread rations
 i - 11 fruits
 P - a royal jelly


   Skills:
 - Level 3.6 Fighting
 - Level 14.4 Long Blades
 * Level 4.7 Axes
 - Level 3.6 Armour
 - Level 10.0 Shields


You had 9 spell levels left.
You didn't know any spells.

Dungeon Overview and Level Annotations

Branches:
Dungeon (9/15)             Temple (0/1) D:7
   Lair: D:8-11         Orc: D:9-12

Altars:
Cheibriados
Fedhas
Gozag
Makhleb
Nemelex Xobeh
Pakellas
Trog
Xom

Shops:
D:8 (


Innate Abilities, Weirdness & Mutations

((You reflexively headbutt those who attack you in melee.))
((You have a pair of horns on your head.))


Message History

* * * LOW HITPOINT WARNING * * *
The killer bee stings you but does no damage. x2
Drink which item? (? for menu, Esc to quit)
It was a potion of invisibility.
You fade into invisibility!
* * * LOW HITPOINT WARNING * * *
You feel sick.
The killer bee stings you but does no damage. x3
The killer bee stings you.
* * * LOW HITPOINT WARNING * * *
You are very lightly contaminated with residual magic.
Drink which item? (? for menu, Esc to quit)
It was a potion of magic.
Magic courses through your body.
* * * LOW HITPOINT WARNING * * *
You feel sick. The killer bee barely misses you.
The killer bee stings you but does no damage. x3
Drink which item? (? for menu, Esc to quit)
It was a potion of haste.
You feel yourself speed up. The killer bee stings you.
You die...

.... ..# ..# ..# ###
..#++##.# $..# .....y#.#
...# .....yyy#
...#############♣#
.................######.
...(....................
...(###+#...............
...(#...#...........<...
(§.(#...'...............
(((<#...#.......########
.Y.(#...#.#####.#
...(#####.# #.#


You could see 4 killer bees.

Vanquished Creatures
  A centaur zombie (D:9)
  Psyche (D:8)
  Sigmund (D:5)
  4 yaks (D:8)
  2 hungry ghosts (D:8)
  A steam dragon (D:8)
  Edmund (D:6)
  A water moccasin (D:8)
  Duvessa (D:7)
  3 ice beasts
  2 orc warriors (D:7)
  3 sky beasts
  2 phantoms
  2 ogres
  A centaur (D:7)
  A big kobold (D:8)
  Blork the orc (D:5)
  2 giant frogs
  Dowan (D:7)
  6 scorpions
  2 killer bees (D:9)
  A howler monkey (D:7)
  6 crimson imps
  A giant frog zombie (D:8)
  2 jellies (D:6)
  3 hounds
  3 orc priests
  A giant frog skeleton (D:4)
  4 orc wizards
  An iron imp (D:5)
  7 worker ants
  Natasha (thrice) (D:6)
  3 hound skeletons
  6 adders
  7 gnolls
  3 shadow imps
  2 adder skeletons
  2 worms (D:2)
  2 dart slugs
  4 giant geckos
  28 orcs
  9 giant cockroaches
  7 goblins
  7 hobgoblins
  3 quokkas
  A bat (D:1)
  A giant gecko skeleton (D:8)
  A giant gecko zombie (D:5)
  A giant newt (D:1)
  A jackal skeleton (D:4)
  A jackal zombie (D:6)
  10 kobolds
  6 rats
176 creatures vanquished.

Vanquished Creatures (others)
  3 centaurs (D:9)
  An orc wizard (D:9)
  A jackal (D:9)
5 creatures vanquished.

Grand Total: 181 creatures vanquished

Notes
Turn   | Place    | Note
--------------------------------------------------------------
     0 | D:1      | uiiiytp the Minotaur Fighter began the quest for the Orb.
     0 | D:1      | Reached XP level 1. HP: 19/19 MP: 0/0
   226 | D:1      | Reached skill level 3 in Long Blades
   256 | D:1      | Reached XP level 2. HP: 24/26 MP: 1/1
   565 | D:1      | Reached skill level 4 in Long Blades
   686 | D:2      | Found a burning altar of Makhleb.
   699 | D:2      | Reached XP level 3. HP: 19/31 MP: 2/2
  1508 | D:3      | Reached skill level 5 in Long Blades
  1575 | D:3      | Noticed Natasha
  1585 | D:3      | Reached XP level 4. HP: 18/39 MP: 3/3
  1818 | D:3      | Found an opulent altar of Gozag.
  1850 | D:3      | Found a sparkling altar of Nemelex Xobeh.
  1939 | D:3      | Reached skill level 6 in Long Blades
  1941 | D:3      | Reached XP level 5. HP: 28/45 MP: 4/4
  2341 | D:3      | Found an oddly glowing altar of Pakellas.
  2341 | D:3      | Found a bloodstained altar of Trog.
  2414 | D:4      | Reached skill level 7 in Long Blades
  2504 | D:4      | Noticed an ogre
  2510 | D:4      | Killed an ogre
  2510 | D:4      | Reached skill level 8 in Long Blades
  2510 | D:4      | Reached XP level 6. HP: 18/51 MP: 5/5
  3062 | D:4      | Reached skill level 9 in Long Blades
  3119 | D:4      | Reached XP level 7. HP: 55/57 MP: 6/6
  3323 | D:5      | Entered Level 5 of the Dungeon
  3346 | D:5      | Noticed Sigmund
  3364 | D:5      | Killed Sigmund
  3364 | D:5      | Reached skill level 10 in Long Blades
  3455 | D:5      | Found a snail-covered altar of Cheibriados.
  3481 | D:5      | Noticed Blork the orc
  3502 | D:5      | Killed Blork the orc
  3532 | D:4      | Gained mutation: You occasionally shout uncontrollably at your foes. [potion of mutation]
  3532 | D:4      | Gained mutation: You are resistant to electric shocks. [potion of mutation]
  3532 | D:4      | Gained mutation: You evolve. [potion of mutation]
  3906 | D:5      | Reached skill level 11 in Long Blades
  3989 | D:5      | Gained mutation: Your muscles are strong. (Str +2) [evolution]
  4235 | D:6      | Found a blossoming altar of Fedhas.
  4352 | D:6      | Killed Natasha
  4352 | D:6      | Reached XP level 8. HP: 64/64 MP: 7/7
  4386 | D:6      | Noticed Edmund
  4388 | D:6      | Noticed Natasha
  4398 | D:6      | Killed Edmund
  4400 | D:6      | Killed Natasha
  4430 | D:6      | Reached skill level 12 in Long Blades
  4467 | D:6      | Noticed Natasha
  4481 | D:6      | Killed Natasha
  5184 | D:7      | Reached skill level 13 in Long Blades
  5251 | D:7      | Found a staircase to the Ecumenical Temple.
  5362 | D:7      | Noticed Duvessa
  5363 | D:7      | Noticed Dowan
  5371 | D:7      | Killed Duvessa
  5371 | D:7      | Reached XP level 9. HP: 38/70 MP: 8/8
  5386 | D:7      | Killed Dowan
  5436 | D:7      | Gained mutation: Your natural rate of healing is unusually fast. [evolution]
  5682 | D:7      | Reached skill level 14 in Long Blades
  6028 | D:8      | Found Zyevou's Antique Weapon Emporium.
  6159 | D:8      | Reached skill level 5 in Shields
  6424 | D:8      | Noticed Psyche
  6443 | D:8      | Killed Psyche
  6717 | D:8      | Lost mutation: You occasionally shout uncontrollably at your foes. [evolution]
  6865 | D:8      | Reached XP level 10. HP: 73/77 MP: 9/9
  7045 | D:8      | Reached skill level 10 in Shields
  7283 | D:8      | Bought a glowing executioner's axe for 250 gold pieces
  7377 | D:9      | Found a shimmering altar of Xom.
  7642 | D:9      | Lost mutation: Your muscles are strong. (Str +2) [potion of cure mutation]
  7642 | D:9      | Lost mutation: You are resistant to electric shocks. [potion of cure mutation]
  7642 | D:9      | Lost mutation: Your natural rate of healing is unusually fast. [potion of cure mutation]
  7642 | D:9      | Lost mutation: You evolve. [potion of cure mutation]
  7642 | D:9      | HP: 4/115 [killer bee (3)]
  7643 | D:9      | HP: 1/115 [killer bee (2)]
  7645 | D:9      | Slain by a killer bee

Vault maps used:
D:1:      minmay_arrival_glassed_features
D:2:      lemuel_crystal_altar
D:3:      lemuel_doored_altar, minitemple, minivault_27, serial_bayou_pond_d,
          uniq_natasha
D:4:      first_bread
D:5:      slow_altar_2, uniq_blork_the_orc, uniq_sigmund
D:6:      fedhas_altar_2, uniq_edmund
D:7:      minmay_temple_entry_mist, serial_glass, glass_columns_a,
          glass_columns_b, uniq_duvessa
D:8:      serial_shops, shop, uniq_psyche
D:9:      xom_confusion_cloud

Skill      XL: |  1  2  3  4  5  6  7  8  9 10 |
---------------+-------------------------------+-----
Long Blades    | 3 4 5 6 8 9 11 13 14 | 14.4
Shields        | 9 10 | 10.0
Axes           | 4 |  4.7
Fighting       | |  3.6
Armour         | |  3.6

Action                   |  1- 3 |  4- 6 |  7- 9 | 10-12 || total
-------------------------+-------+-------+-------+-------++-------
Melee: Long sword        |    93 |   125 |   354 |    24 ||   596
       Executioner's axe |       |       |       |    39 ||    39
  Use: Scroll            |     7 |     3 |     5 |     2 ||    17
       Potion            |     2 |     3 |     6 |     7 ||    18
 Stab: Invisible         |       |       |     1 |       ||     1
  Eat: Meat ration       |     1 |     1 |     3 |     1 ||     6
       Bread ration      |       |       |       |     1 ||     1
       Beef jerky        |       |       |       |     1 ||     1
